SL
GREENVILLE 84S @ ST. LOUIS COEUR
08/17/2041
 
TOP OF THE 1ST
Greenville 84s batting - Pitching for St. Louis Coeur : LHP Ralph Greer
Pitching: LHP Ralph Greer
Batting: RHB Cornelio Japón 0-0: Ball
1-0: Ball
2-0: Swinging Strike
2-1: Ball
3-1: Base on Balls
Batting: LHB Philip Visscher 0-0: Foul Ball, location: 2F
0-1: Ball
1-1: Fly out, F9 (Line Drive, 9, EV 87.5 MPH)
Batting: RHB Ángelo Delgado 0-0: Ball
1-0: Ball
2-0: Called Strike
2-1: Called Strike
2-2: Fly out, F9 (Flyball, 89S, EV 92.5 MPH)
Batting: RHB Gil Andersen 0-0: Called Strike
0-1: Ball
1-1: Ball
2-1: Fly out, F4 (Line Drive, 4, EV 73.8 MPH)
Top of the 1st over - 0 runs, 0 hits, 0 errors, 1 left on base; Greenville 0 - St. Louis 0
BOTTOM OF THE 1ST
St. Louis Coeur batting - Pitching for Greenville 84s : RHP Ken Bates
Pitching: RHP Ken Bates
Batting: LHB Tillmam Cru 0-0: Ball
1-0: Called Strike
1-1: Foul Ball, location: 2F
1-2: Ball
2-2: SINGLE (Groundball, 56D, EV 105.6 MPH)
Batting: RHB Jaime Soto 0-0: Ball
1-0: Ball
2-0: Foul Ball, location: 2F
2-1: Ball
3-1: Fly out, F8 (Flyball, 8RD, EV 104.4 MPH)
Batting: LHB Qing-nian Zexian 0-0: Ball
Tillmam Cru steals 2nd base
1-0: Fly out, F8 (Flyball, 8RM, EV 70.0 MPH)
Runner from 2nd tags up, SAFE at 3rd with throw by CF
Batting: RHB Nobuhisa Murakami 0-0: Called Strike
0-1: Ball
1-1: Ground out 5-3 (Groundball, 56, EV 105.0 MPH)
Bottom of the 1st over - 0 runs, 1 hit, 0 errors, 1 left on base; Greenville 0 - St. Louis 0
TOP OF THE 2ND
Greenville 84s batting - Pitching for St. Louis Coeur : LHP Ralph Greer
Batting: RHB António Macías 0-0: Ball
1-0: Foul Ball, location: 2F
1-1: Ball
2-1: Ball
3-1: Base on Balls
Batting: RHB Yehonatan Chazan Pickoff Throw to First - Out! 1-3
0-0: Fly out, F7 (Flyball, 78S, EV 90.0 MPH)
Batting: RHB Francisco Agámez 0-0: Swinging Strike
0-1: Ball
1-1: Ground out 6-3 (Groundball, 6, EV 83.8 MPH)
Top of the 2nd over - 0 runs, 0 hits, 0 errors, 0 left on base; Greenville 0 - St. Louis 0
BOTTOM OF THE 2ND
St. Louis Coeur batting - Pitching for Greenville 84s : RHP Ken Bates
Batting: RHB Melvin Thomas 0-0: Fly out, F7 (Line Drive, 7, EV 84.4 MPH)
Batting: RHB Joe Mueller 0-0: Called Strike
0-1: Foul Ball, location: 2F
0-2: Ground out 6-3 (Groundball, 6, EV 80.0 MPH)
Batting: RHB Guillermo Coss 0-0: Swinging Strike
0-1: Ball
1-1: Called Strike
1-2: Fly out, F4 (Line Drive, 4, EV 63.1 MPH)
Bottom of the 2nd over - 0 runs, 0 hits, 0 errors, 0 left on base; Greenville 0 - St. Louis 0
TOP OF THE 3RD
Greenville 84s batting - Pitching for St. Louis Coeur : LHP Ralph Greer
Batting: LHB Lung Chaim 0-0: Foul Ball, location: 2F
0-1: Foul Ball, location: 2F
0-2: Strikes out swinging
Batting: RHB Freedon Akinmoladun 0-0: Called Strike
0-1: Swinging Strike
0-2: Ball
1-2: Ball
2-2: Ball
3-2: Foul Ball, location: 2F
3-2: Foul Ball, location: 2F
3-2: Fly out, F9 (Line Drive, 9, EV 88.1 MPH)
Batting: RHB Cornelio Japón 0-0: Ground out 5-3 (Groundball, 56S, EV 81.2 MPH)
Top of the 3rd over - 0 runs, 0 hits, 0 errors, 0 left on base; Greenville 0 - St. Louis 0
BOTTOM OF THE 3RD
St. Louis Coeur batting - Pitching for Greenville 84s : RHP Ken Bates
Batting: RHB Joel Iyiegbuniwe 0-0: Ball
1-0: Swinging Strike
1-1: Foul Ball, location: 2F
1-2: Ball
2-2: DOUBLE (Groundball, 5L, EV 101.9 MPH)
Batting: RHB Jack Bonner 0-0: Ball
1-0: Called Strike
1-1: Swinging Strike
1-2: Strikes out swinging
Batting: LHB Tillmam Cru 0-0: Ball
1-0: Ball
2-0: Foul Ball, location: 2F
2-1: Ground out 6-3 (Groundball, 6, EV 90.0 MPH)
Joel Iyiegbuniwe to third
Batting: RHB Jaime Soto 0-0: Ball
1-0: Called Strike
1-1: Foul Ball, location: 2F
1-2: Ground out U3 (Groundball, 3L, EV 90.6 MPH)
Bottom of the 3rd over - 0 runs, 1 hit, 0 errors, 1 left on base; Greenville 0 - St. Louis 0
TOP OF THE 4TH
Greenville 84s batting - Pitching for St. Louis Coeur : LHP Ralph Greer
Batting: LHB Philip Visscher 0-0: Called Strike
0-1: Swinging Strike
0-2: Foul Ball, location: 2F
0-2: Fly out, F8 (Flyball, 8LM, EV 84.4 MPH)
Batting: RHB Ángelo Delgado 0-0: Foul Ball, location: 2F
0-1: Ball
1-1: Foul Ball, location: 2F
1-2: Foul Ball, location: 2F
1-2: Ball
2-2: Foul Ball, location: 2F
2-2: Ball
3-2: Fly out, F6 (Popup, 6MS, EV 80.6 MPH)
Batting: RHB Gil Andersen 0-0: Ball
1-0: Called Strike
1-1: Ball
2-1: Ball
3-1: Called Strike
3-2: Ground out 5-3 (Groundball, 56S, EV 87.5 MPH)
Top of the 4th over - 0 runs, 0 hits, 0 errors, 0 left on base; Greenville 0 - St. Louis 0
BOTTOM OF THE 4TH
St. Louis Coeur batting - Pitching for Greenville 84s : RHP Ken Bates
Batting: LHB Qing-nian Zexian 0-0: Ball
1-0: Ball
2-0: Ground out 6-3 (Groundball, 6, EV 100.0 MPH)
Batting: RHB Nobuhisa Murakami 0-0: Ball
1-0: Called Strike
1-1: Fly out, F7 (Flyball, 7S, EV 88.1 MPH)
Batting: RHB Melvin Thomas 0-0: Fly out, F8 (Flyball, 78M, EV 88.1 MPH)
Bottom of the 4th over - 0 runs, 0 hits, 0 errors, 0 left on base; Greenville 0 - St. Louis 0
TOP OF THE 5TH
Greenville 84s batting - Pitching for St. Louis Coeur : LHP Ralph Greer
Batting: RHB António Macías 0-0: Ball
1-0: Foul Ball, location: 2F
1-1: Foul Ball, location: 2F
1-2: Ball
2-2: Ball
3-2: Base on Balls
Batting: RHB Yehonatan Chazan 0-0: Called Strike
0-1: Ball
1-1: Foul Ball, location: 2F
1-2: Ball
2-2: Ball
3-2: Ground out 6-3 (Groundball, 6, EV 85.6 MPH)
António Macías to second
Batting: RHB Francisco Agámez 0-0: Called Strike
0-1: Called Strike
0-2: Ground out 5-3 (Groundball, 5, EV 85.0 MPH)
Batting: LHB Lung Chaim 0-0: Ground out 6-3 (Groundball, 6, EV 88.1 MPH)
Top of the 5th over - 0 runs, 0 hits, 0 errors, 1 left on base; Greenville 0 - St. Louis 0
BOTTOM OF THE 5TH
St. Louis Coeur batting - Pitching for Greenville 84s : RHP Ken Bates
Batting: RHB Joe Mueller 0-0: Ball
1-0: Called Strike
1-1: Ground out 6-3 (Groundball, 6, EV 85.6 MPH)
Batting: RHB Guillermo Coss 0-0: Called Strike
0-1: Foul Ball, location: 2F
0-2: Fly out, F5 (Line Drive, 5, EV 66.9 MPH)
Batting: RHB Joel Iyiegbuniwe 0-0: Ball
1-0: Ball
2-0: SINGLE (Groundball, 34D, EV 111.9 MPH)
Batting: RHB Jack Bonner 0-0: Called Strike
0-1: Foul Ball, location: 2F
0-2: Ground out 1-3 (Groundball, 34S, EV 71.2 MPH)
Bottom of the 5th over - 0 runs, 1 hit, 0 errors, 1 left on base; Greenville 0 - St. Louis 0
TOP OF THE 6TH
Greenville 84s batting - Pitching for St. Louis Coeur : LHP Ralph Greer
Batting: RHB Freedon Akinmoladun 0-0: Ground out 4-3 (Groundball, 4S, EV 84.4 MPH)
Batting: RHB Cornelio Japón 0-0: Ball
1-0: Ground out 6-3 (Groundball, 6, EV 76.9 MPH)
Batting: LHB Philip Visscher 0-0: Ball
1-0: Ball
2-0: Foul Ball, location: 2F
2-1: Foul Ball, location: 2F
2-2: Strikes out swinging
Top of the 6th over - 0 runs, 0 hits, 0 errors, 0 left on base; Greenville 0 - St. Louis 0
BOTTOM OF THE 6TH
St. Louis Coeur batting - Pitching for Greenville 84s : RHP Ken Bates
Batting: LHB Tillmam Cru 0-0: Ball
1-0: Ground out 4-3 (Groundball, 4, EV 81.2 MPH)
Batting: RHB Jaime Soto 0-0: Foul Ball, location: 2F
0-1: SINGLE (Groundball, 4MD, EV 100.0 MPH)
Batting: LHB Qing-nian Zexian 0-0: Called Strike
0-1: Ball
1-1: Swinging Strike
1-2: Foul Ball, location: 2F
1-2: Foul Ball, location: 2F
1-2: Foul Ball, location: 2F
1-2: DOUBLE (Line Drive, 5D, EV 98.1 MPH)
Jaime Soto to third
Batting: RHB Nobuhisa Murakami 0-0: Ball
1-0: Ball
2-0: Ball
3-0: Ground out 5-3 (Groundball, 56S, EV 78.1 MPH)
Batting: RHB Melvin Thomas 0-0: Ball
1-0: Ball
2-0: Swinging Strike
2-1: Called Strike
2-2: SINGLE (Groundball, 56D, EV 96.2 MPH)
Jaime Soto scores
Qing-nian Zexian to third
Runner from 3rd tries for Home, SAFE, no throw by LF
Batting: RHB Joe Mueller 0-0: Ground out 4-3 (Groundball, 4, EV 99.4 MPH)
Bottom of the 6th over - 2 runs, 3 hits, 0 errors, 1 left on base; Greenville 0 - St. Louis 2
TOP OF THE 7TH
Greenville 84s batting - Pitching for St. Louis Coeur : LHP Ralph Greer
Batting: RHB Ángelo Delgado 0-0: Foul Ball, location: 2F
0-1: Ball
1-1: Foul Ball, location: 2F
1-2: Strikes out swinging
Batting: RHB Gil Andersen 0-0: Called Strike
0-1: Ball
1-1: Called Strike
1-2: Strikes out swinging
Batting: RHB António Macías 0-0: Ball
1-0: Ball
2-0: Foul Ball, location: 2F
2-1: Ball
3-1: Base on Balls
Batting: RHB Yehonatan Chazan 0-0: Called Strike
0-1: Called Strike
Pickoff Throw by Catcher to First - Out!
Top of the 7th over - 0 runs, 0 hits, 0 errors, 0 left on base; Greenville 0 - St. Louis 2
BOTTOM OF THE 7TH
St. Louis Coeur batting - Pitching for Greenville 84s : RHP Ken Bates
Pitching: RHP Dave Lawson
Batting: RHB Guillermo Coss 0-0: SINGLE (Groundball, 56D, EV 102.5 MPH)
Batting: RHB Joel Iyiegbuniwe 0-0: Ball
1-0: Ball
2-0: Sac Bunt to 25 - play at first, batter OUT! 5-3
Guillermo Coss to second
Batting: RHB Jack Bonner 0-0: Ball
1-0: Called Strike
1-1: Ball
2-1: Foul Ball, location: 2F
2-2: Ball
3-2: Strikes out swinging
Batting: LHB Tillmam Cru 0-0: Ball
1-0: Called Strike
1-1: Foul Ball, location: 2F
1-2: Strikes out swinging
Bottom of the 7th over - 0 runs, 1 hit, 0 errors, 1 left on base; Greenville 0 - St. Louis 2
TOP OF THE 8TH
Greenville 84s batting - Pitching for St. Louis Coeur : LHP Ralph Greer
Batting: RHB Yehonatan Chazan 0-0: Ball
1-0: Foul Ball, location: 2F
1-1: Called Strike
1-2: SOLO HOME RUN (Flyball, 7D, EV 85.0 MPH), Distance : 391 ft
Pitching: LHP Denie Ulderink
Batting: RHB Francisco Agámez 0-0: Called Strike
0-1: Ball
1-1: Called Strike
1-2: Strikes out looking
Batting: LHB Lung Chaim 0-0: Ball
1-0: Ball
2-0: SINGLE (Line Drive, 78S, EV 98.1 MPH)
Batting: RHB Freedon Akinmoladun 0-0: Ball
1-0: Ball
2-0: Ball
3-0: Called Strike
3-1: Fly out, F3 (Popup, 3SF, EV 80.0 MPH)
Batting: RHB Cornelio Japón 0-0: Ball
1-0: Called Strike
1-1: Ball
2-1: Ball
3-1: Called Strike
3-2: SINGLE (Groundball, 56D, EV 104.4 MPH)
Lung Chaim to second
Lung Chaim to third
Batting: LHB Philip Visscher 0-0: Called Strike
0-1: Ball
1-1: Fly out, F3 (Line Drive, 3, EV 64.4 MPH)
Top of the 8th over - 1 run, 3 hits, 0 errors, 2 left on base; Greenville 1 - St. Louis 2
BOTTOM OF THE 8TH
St. Louis Coeur batting - Pitching for Greenville 84s : RHP Dave Lawson
Batting: RHB Jaime Soto 0-0: Called Strike
0-1: Ball
1-1: Ground out 5-3 (Groundball, 56, EV 95.6 MPH)
Batting: LHB Qing-nian Zexian 0-0: Foul Ball, location: 2F
0-1: Fly out, F8 (Line Drive, 8RD, EV 92.5 MPH)
Batting: RHB Nobuhisa Murakami 0-0: Foul Ball, location: 2F
0-1: Fly out, F6 (Popup, P, EV 85.0 MPH)
Bottom of the 8th over - 0 runs, 0 hits, 0 errors, 0 left on base; Greenville 1 - St. Louis 2
TOP OF THE 9TH
Greenville 84s batting - Pitching for St. Louis Coeur : LHP Denie Ulderink
Batting: RHB Ángelo Delgado 0-0: Ball
1-0: Ball
2-0: Ground out 6-3 (Groundball, 6, EV 100.6 MPH)
Batting: RHB Gil Andersen 0-0: Ground out 4-3 (Groundball, 4, EV 98.1 MPH)
Batting: RHB António Macías 0-0: Fly out, F7 (Flyball, 7, EV 90.0 MPH)
Top of the 9th over - 0 runs, 0 hits, 0 errors, 0 left on base; Greenville 1 - St. Louis 2
Tuesday, January 5th, 2021 - OOTP Baseball 20.8 Build 74